 Seeded DCSS version 0.32-a0-42-ga30500b4d3 (webtiles) character file.

Game seed: 9872065412798756122 (custom seed)

72221 timneilson the Fighter (level 15, -1/114 HPs)
             Began as an Octopode Shapeshifter on Jan 27, 2024.
             Was an Initiate of Gozag.
             Constricted to death by a naga warrior (4 damage)
             ... on level 1 of the Snake Pit.
             The game lasted 01:25:50 (24835 turns).

timneilson the Fighter (Octopode Shapeshifter)     Turns: 24835, Time: 01:25:50

Health: -1/114     AC:  7    Str: 31    XL:     15   Next: 39%
Magic:  23/23      EV: 15    Int: 20    God:    Gozag
Gold:   1854       SH:  5    Dex: 13    Spells: 14/25 levels left

rFire   + .          .
                       - Unarmed
rCold   + . .        (shield currently unavailable)
rNeg    . . .        L - +2 hat
rPois   +            F - amulet of reflection
rElec   .            k - ring of the Will of the Gods {AC+4 Dex+2}
rCorr   .            C - ring of see invisible
SInv    +            A - ring of wizardry
Will    ++...        D - ring of Casuq {Str+6 Int+5}
Stlth   ++++++       G - ring of Beogh's Regard {rPois Will+}
HPRegen 0.39/turn    y - ring of protection from cold
MPRegen 0.18/turn    B - ring of protection from fire
                     U - +6 ring of strength

%: reflection, wizardry (x1)
@: blade tentacles, constricted
A: almost no armour, amphibious, 8 rings, camouflage 1, gelatinous body 1,
(nimble swimmer 1), tentacles
a: Begin Untransformation, Renounce Religion, Potion Petition, Call Merchant,
Bribe Branch


You were on level 1 of the Snake Pit.
You worshipped Gozag.
Gozag was most pleased with you.
You had blades for main tentacles.
You visited 4 branches of the dungeon, and saw 20 of its levels.
You also visited: Volcano.

You collected 7995 gold pieces.
You spent 3374 gold pieces at shops.
You paid 2767 gold pieces to Gozag.

Inventory:

Missiles
 d - 36 poisoned darts
 z - 7 curare-tipped darts (quivered)
Armour
 L - a +2 hat (worn)
Jewellery
 k - the ring of the Will of the Gods (left blade tentacle) {AC+4 Dex+2}
   (You acquired it on level 5 of the Dungeon)

   [ring of protection]

   AC+4:      It affects your AC (+4).
   Dex+2:     It affects your dexterity (+2).
 y - a ring of protection from cold (on tentacle)
 A - a ring of wizardry (on tentacle)
 B - a ring of protection from fire (on tentacle)
 C - a ring of see invisible (right blade tentacle)
 D - the ring of Casuq (on tentacle) {Str+6 Int+5}
   (You found it on level 7 of the Dungeon)

   [ring of strength]

   Str+6:     It affects your strength (+6).
   Int+5:     It affects your intelligence (+5).
 F - an amulet of reflection (around mantle)
 G - the ring of Beogh's Regard (on tentacle) {rPois Will+}
   (You bought it in a shop on level 8 of the Dungeon)

   [ring of willpower]

   rPois:     It protects you from poison Will+: It increases your willpower.
 U - a +6 ring of strength (on tentacle)
Talismans
 p - a talisman of death
 H - a blade talisman (active)
 N - a dragon-blood talisman
Wands
 w - a wand of iceblast (5)
 x - a wand of paralysis (7)
 J - a wand of flame (9)
 P - a wand of mindburst (2)
Scrolls
 c - 2 scrolls of identify
 f - 3 scrolls of revelation
 h - 5 scrolls of fear
 i - 12 scrolls of teleportation
 j - 2 scrolls of brand weapon
 l - 4 scrolls of poison
 m - 6 scrolls of blinking
 t - a scroll of fog
 u - 3 scrolls of amnesia
 I - a scroll of enchant armour
 M - a scroll of immolation
 O - a scroll of torment
 Q - 2 scrolls of vulnerability
 R - a scroll of silence
Potions
 a - 2 potions of lignification
 b - a potion of might
 e - 3 potions of enlightenment
 g - 3 potions of magic
 n - 2 potions of heal wounds
 o - 3 potions of brilliance
 q - 7 potions of curing
 r - 5 potions of mutation
 s - 2 potions of invisibility
 v - a potion of resistance
 E - 2 potions of berserk rage
 K - 4 potions of attraction
 S - 2 potions of haste
 T - 2 potions of cancellation
 V - 2 potions of ambrosia


   Skills:
 * Level 14.9 Fighting
 * Level 11.8 Dodging
 + Level 12.0 Stealth
 * Level 12.0 Unarmed Combat
 + Level 5.5 Spellcasting
 + Level 3.8 Translocations
 + Level 3.8 Air Magic
 + Level 3.7 Earth Magic
 + Level 7.8 Evocations
 * Level 14.2 Shapeshifting


You had 14 spell levels left.
You knew the following spells:

 Your Spells              Type           Power      Damage    Failure   Level
a - Blink                 Tloc           42%        N/A       1%          2
b - Lesser Beckoning      Tloc           42%        N/A       1%          2
c - Passwall              Erth           20%        N/A       2%          3
d - Swiftness             Air            20%        N/A       2%          3
e - Apportation           Tloc           42%        N/A       1%          1

Your spell library contained the following spells:

 Spells                   Type           Power      Damage    Failure   Level
 Momentum Strike          Conj/Tloc      26%        3d8       3%          2
 Call Imp                 Summ           10%        N/A       7%          2
 Ensorcelled Hibernation  Hex/Ice        10%        N/A       7%          2
 Jinxbite                 Hex            10%        N/A       7%          2
 Sublimation of Blood     Necr           5%         N/A       7%          2
 Summon Lightning Spire   Summ/Air       13%        N/A       21%         4
 Lee's Rapid Deconstruct  Erth           10%        3d8*      26%         5
 Alistair's Intoxication  Alch           3%         N/A       73%         5
 Summon Hydra             Summ           2%         N/A       100%        7
 Animate Armour           Summ/Erth      Unusable   N/A       N/A         4

Dungeon Overview and Level Annotations

Branches:
Dungeon (13/15)            Temple (0/1) D:5            Lair (4/5) D:9
  Swamp (0/4) Lair:2        Snake (1/4) Lair:2        Slime (0/5) Lair:4
    Orc (2/2) D:12            Elf (0/3) Orc:2       Volcano (visited)
 Vaults: D:13-14

Altars:
Cheibriados
Dithmenos
Gozag
Nemelex Xobeh
Trog
Uskayaw
Wu Jian
Xom
Yredelemnul
Jiyva

Shops:
D:1 :   D:8 =   D:9 *   D:13 ?   Orc:2 [!?!:*?   Lair:4 :

Annotations:
Lair:4 2 transporters, Hohuss's ghost, journeyman MiCA


Innate Abilities, Weirdness & Mutations

You have blades for main tentacles.
You are incapable of wielding weapons or throwing items.
You cannot wear most types of armour.
You are amphibious.
You can wear up to eight rings at the same time.
Your skin changes colour to match your surroundings (Stealth+).
Your rubbery body absorbs attacks. (AC +1, EV +1)
((You are camouflaged when in or above water. (Stealth+)))
You have tentacles for arms and can constrict up to eight enemies at once.


Message History

The naga warrior is moderately wounded.
The naga warrior hits you with a +0 flail!
The naga warrior grabs you. The naga warrior constricts you.
The naga warrior blocks your attack.
The naga warrior is moderately wounded.
The naga warrior hits you with a +0 flail!
The naga warrior constricts you.
You slice the naga warrior!! Your squeeze misses the naga warrior.
The naga warrior is severely wounded.
The naga warrior hits you with a +0 flail.
The naga warrior constricts you. The naga warrior blocks your attack.
The naga warrior is severely wounded.
The naga warrior hits you with a +0 flail!!
The naga warrior constricts you. The naga warrior blocks your attack. x2
The naga warrior is severely wounded.
You hit the naga warrior. The naga warrior blocks your attack.
The naga warrior is severely wounded.
The naga warrior spits poison at you. The splash of poison hits you.
You resist. The naga warrior constricts you.
The naga warrior blocks your attack.
Your slash misses the naga warrior. You squeeze the naga warrior!
The naga warrior is almost dead.
The naga warrior hits you with a +0 flail.
* * * LOW HITPOINT WARNING * * *
The naga warrior constricts you.
* * * LOW HITPOINT WARNING * * *
The naga warrior blocks your attack.
You squeeze the naga warrior.
The naga warrior is almost dead.
The naga warrior hits you with a +0 flail!!
* * * LOW HITPOINT WARNING * * *
The naga warrior constricts you.
* * * LOW HITPOINT WARNING * * *
Unknown command.
You hit the naga warrior.
The naga warrior is almost dead.
The naga warrior closely misses you. The naga warrior constricts you.
You die...
Your body crumbles into a pile of gold.

####################*************
.##...)............#*,,,,**,,,,**
.##................#*,,,,**,,,,**
.').............@N.+,,,,,**,,,,**
###)...............#*,,,,+,,,,,**
*#.....##.##########*,,,,**,,,,,,
......###+#**********,,,,**,,,,,,
......#*,,,**,,,,,,********,,,,,,
......#*,,,**,,,,,,*******,,,,,,,
......#*,,,**,,,,,,**,,,,,,,,,,,,
....>.#*,,,**,,,,,,,+,,,,,,,,,,,,
##....#*******+***+**,,,,,,,,,,,,


You could see a naga warrior (catching breath).

Vanquished Creatures
  Gastronok (D:10)
  An orc warlord (Orc:2)
  Fannar (D:10)
  2 hydras (Lair:4)
  An ogre mage (Orc:2)
  A dancing weapon (Volcano)
  2 centaur warriors (D:13)
  5 two-headed ogres
  4 death yaks (Lair:2)
  A naga warrior (Snake:1)
  4 orc high priests (Orc:2)
  2 occultists (Volcano)
  Nergalle (Lair:2)
  The ghost of pokeman the Eclecticist, a novice DEHW of Vehumet (D:10)
  2 skysharks
  A deep troll (Lair:4)
  2 spriggan druids (Lair:2)
  A lindwurm (Lair:2)
  A glowing orange brain (shapeshifter) (D:13)
  5 orc knights
  An oklob plant (Lair:4)
  5 orc sorcerers
  3 deep elf pyromancers
  2 manticores (D:13)
  4 cyclopes
  3 ugly things
  4 kobold blastminers (Orc:2)
  15 elephants
  3 black mambas
  5 toenail golems (Volcano)
  8 cane toads
  4 rime drakes
  3 unseen horrors
  A rime drake (shapeshifter) (D:13)
  3 komodo dragons
  2 kobold demonologists
  The ghost of THTSBRD the Cleaver, an amateur HOMo (D:4)
  3 trolls
  3 polar bears
  2 hornets (Lair:2)
  9 blink frogs
  Sigmund (D:3)
  2 shadows (D:10)
  2 wraiths
  4 wyverns
  38 yaks
  A ynoxinul (D:10)
  5 basilisks
  5 humans (Volcano)
  Grum (D:11)
  A steam dragon (D:7)
  6 wargs
  7 vampire mosquitoes
  A naga (Snake:1)
  3 acid dragons
  17 water moccasins
  45 orc warriors
  3 ice beasts
  12 ogres
  6 black bears
  2 sky beasts
  6 wolves
  12 centaurs
  The ghost of porpoise the Apothecary, an amateur MfAl (D:3)
  4 kobold brigands
  Blork the orc (D:4)
  13 bullfrogs
  A gnoll sergeant (D:9)
  2 scorpions
  6 wights
  8 killer bees
  6 howler monkeys
  7 hounds
  2 bombardier beetles
  A gnoll bouda (D:9)
  28 orc priests
  4 jellies
  3 sleepcaps
  6 iguanas
  17 orc wizards
  2 hound zombies (D:5)
  16 gnolls
  10 adders
  A white imp (D:6)
  2 ufetubi (D:6)
  A dart slug (D:4)
  3 ribbon worms
  95 orcs
  A bat (D:1)
  10 endoplasms
  2 giant cockroaches
  6 goblins
  10 hobgoblins
  2 jackals (D:9)
  A quokka (D:4)
  2 ball pythons
  2 frilled lizards (D:1)
  22 kobolds
  4 rats
605 creatures vanquished.

Vanquished Creatures (others)
  An orc sorcerer (Orc:2)
1 creature vanquished.

Grand Total: 606 creatures vanquished

Notes
Turn   | Place    | Note
-------+----------+-------------------------------------------
     0 | D:1      | timneilson the Octopode Shapeshifter began the quest for
                  | the Orb.
     0 | D:1      | Reached XP level 1. HP: 13/13 MP: 1/1
   235 | D:1      | Found Logiotz's Book Emporium.
   309 | D:1      | Reached XP level 2. HP: 12/18 MP: 2/2
  1182 | D:2      | Reached XP level 3. HP: 18/23 MP: 3/3
  1449 | D:2      | Found a faded altar of an unknown god.
  1977 | D:3      | Reached skill level 1 in Stealth
  2053 | D:3      | Found a sparkling altar of Nemelex Xobeh.
  2054 | D:3      | Found an opulent altar of Gozag.
  2060 | D:3      | Became a worshipper of Gozag Ym Sagoz the Greedy
  2074 | D:3      | Found a runed translucent gate.
  2074 | D:3      | Found a runed translucent gate.
  2074 | D:3      | Found a runed translucent gate.
  2074 | D:3      | Noticed porpoise's ghost (amateur MfAl)
  2086 | D:3      | Identified the +2 leather armour of Nubi {rElec Regen+}
  2161 | D:3      | Found a shadowy altar of Dithmenos.
  2164 | D:3      | Found a shimmering altar of Xom.
  2332 | D:3      | Noticed a kobold brigand
  2336 | D:3      | Noticed Sigmund
  2356 | D:3      | Killed Sigmund
  2357 | D:3      | Reached XP level 4. HP: 18/30 MP: 2/4
  2357 | D:3      | Reached XP level 5. HP: 21/36 MP: 2/5
  2357 | D:3      | Reached XP level 6. HP: 24/41 MP: 2/6
  2744 | D:4      | Noticed a black bear
  2753 | D:4      | Killed a black bear
  3072 | D:4      | Found a snail-covered altar of Cheibriados.
  3239 | D:4      | Found a runed translucent door.
  3261 | D:4      | Found a runed translucent door.
  3262 | D:4      | Noticed THTSBRD's ghost (amateur HOMo)
  3515 | D:4      | Reached XP level 7. HP: 26/46 MP: 2/7
  3761 | D:4      | Noticed Blork the orc
  3769 | D:4      | Killed Blork the orc
  4185 | D:5      | Entered Level 5 of the Dungeon
  4214 | D:5      | Reached skill level 5 in Unarmed Combat
  4354 | D:5      | Found a basalt altar of Yredelemnul.
  4388 | D:5      | Reached XP level 8. HP: 44/54 MP: 6/8
  4508 | D:5      | Reached skill level 5 in Shapeshifting
  4523 | D:5      | Found a staircase to the Ecumenical Temple.
  4533 | D:5      | Identified a scroll of acquirement
  4533 | D:5      | Acquired the ring of the Will of the Gods {AC+4 Dex+2}
  4706 | D:5      | Reached skill level 5 in Dodging
  4999 | D:5      | Found a hide-covered altar of Uskayaw.
  5049 | D:6      | Reached skill level 5 in Fighting
  5126 | D:6      | Reached skill level 5 in Stealth
  5166 | D:6      | Acquired a manual of Fighting
  5168 | D:6      | Acquired a manual of Shapeshifting
  5170 | D:6      | Acquired 945 gold pieces
  5186 | D:6      | Reached XP level 9. HP: 61/61 MP: 9/9
  6327 | D:7      | Found an ornate altar of the Wu Jian Council.
  6343 | D:7      | Reached skill level 1 in Evocations
  6601 | D:7      | Noticed a deep elf pyromancer
  6649 | D:7      | Killed a deep elf pyromancer
  6650 | D:7      | Reached XP level 10. HP: 46/71 MP: 5/10
  6691 | D:7      | Identified the ring of Casuq {Str+6 Int+5}
  7071 | D:8      | Found Udeps's Jewellery Shoppe.
  7082 | D:8      | Bought an amulet of reflection for 390 gold pieces
  7082 | D:8      | Bought the ring of Beogh's Regard {rPois Will+} for 470
                  | gold pieces
  7492 | D:8      | Found a bloodstained altar of Trog.
  7708 | D:1      | Bought a book of Spatial Translocations for 180 gold pieces
  7711 | D:1      | Learned a level 2 spell: Blink
  7714 | D:1      | Learned a level 2 spell: Lesser Beckoning
  7718 | D:1      | Learned a level 3 spell: Passwall
  7856 | D:3      | Killed porpoise's ghost
  8013 | D:4      | Killed THTSBRD's ghost
  8280 | D:9      | Found Xajeloir's Assorted Antiques.
  8616 | D:9      | Reached skill level 1 in Translocations
  8913 | D:9      | Found a staircase to the Lair.
  9067 | D:10     | Entered Level 10 of the Dungeon
  9093 | D:10     | Reached skill level 1 in Earth Magic
  9117 | D:10     | Found a runed translucent door.
  9125 | D:10     | Learned a level 3 spell: Swiftness
  9126 | D:10     | Noticed pokeman's ghost (novice DEHW)
  9130 | D:10     | Noticed an unseen horror
  9145 | D:10     | Killed an unseen horror
  9146 | D:10     | Reached skill level 1 in Spellcasting
  9175 | D:10     | Noticed an unseen horror
  9182 | D:10     | Killed an unseen horror
  9552 | D:10     | Reached XP level 11. HP: 60/80 MP: 13/13
  9650 | D:10     | Noticed Fannar
  9711 | D:8      | Bought a ring of protection from cold for 325 gold pieces
  9711 | D:8      | Bought a ring of protection from fire for 325 gold pieces
  9711 | D:8      | Bought a blade talisman for 390 gold pieces
  9776 | D:10     | Killed Fannar
  9894 | D:10     | Noticed Gastronok
  9925 | D:10     | Killed Gastronok
  9926 | D:10     | Reached skill level 1 in Air Magic
 10106 | D:10     | You fall into a shaft and drop 2 floors!
 10158 | D:12     | Noticed a cyclops
 10167 | D:12     | Killed a cyclops
 10390 | D:11     | Reached skill level 10 in Fighting
 11143 | D:11     | Noticed Grum
 11150 | D:11     | Killed Grum
 11751 | D:12     | Noticed a two-headed ogre
 11764 | D:12     | Killed a two-headed ogre
 11765 | D:12     | Reached skill level 10 in Shapeshifting
 11775 | D:12     | Noticed a deep elf pyromancer
 11783 | D:12     | Killed a deep elf pyromancer
 11832 | D:12     | Found a staircase to the Orcish Mines.
 11855 | D:12     | Noticed a purple ugly thing
 11865 | D:12     | Killed a white ugly thing
 11990 | D:12     | Reached XP level 12. HP: 88/88 MP: 16/16
 12601 | Lair:1   | Entered Level 1 of the Lair of Beasts
 12912 | Lair:1   | Found the +8 whip "Snakebite" {venom, curare, rPois}
 13297 | Lair:1   | Reached skill level 5 in Evocations
 14325 | Lair:2   | Reached XP level 13. HP: 83/97 MP: 18/18
 14649 | Lair:2   | Noticed Nergalle
 14664 | Lair:2   | Killed Nergalle
 14665 | Lair:2   | Reached skill level 10 in Unarmed Combat
 15534 | Lair:2   | Reached skill level 10 in Dodging
 15534 | Lair:2   | Reached skill level 10 in Stealth
 15746 | Lair:2   | Found a staircase to the Swamp.
 15939 | Lair:2   | Found a staircase to the Snake Pit.
 16609 | Orc:1    | Entered Level 1 of the Orcish Mines
 16745 | Orc:1    | Found a dark tunnel.
 16748 | Volcano  | Entered a volcano
 17680 | Orc:2    | Entered Level 2 of the Orcish Mines
 18167 | Orc:2    | Bought a scroll of blinking for 90 gold pieces
 18167 | Orc:2    | Bought a scroll of silence for 114 gold pieces
 18167 | Orc:2    | Bought a scroll of teleportation for 36 gold pieces
 18197 | Orc:2    | Reached XP level 14. HP: 63/106 MP: 21/21
 18372 | Orc:2    | Reached skill level 5 in Spellcasting
 18773 | Orc:2    | Learned a level 1 spell: Apportation
 18892 | Orc:2    | Found a staircase to the Elven Halls.
 19317 | Orc:2    | Bought a scroll of blinking for 105 gold pieces
 19317 | Orc:2    | Bought a scroll of blinking for 105 gold pieces
 19317 | Orc:2    | Bought a scroll of blinking for 105 gold pieces
 19321 | Orc:2    | Bought a potion of curing for 39 gold pieces
 19321 | Orc:2    | Bought a potion of might for 52 gold pieces
 19815 | Orc:2    | Found Uhechu's Distillery.
 19827 | Orc:2    | Bought a potion of cancellation for 96 gold pieces
 19827 | Orc:2    | Bought a potion of haste for 120 gold pieces
 19827 | Orc:2    | Bought a potion of curing for 36 gold pieces
 19827 | Orc:2    | Bought a potion of haste for 120 gold pieces
 19827 | Orc:2    | Bought a potion of curing for 36 gold pieces
 19827 | Orc:2    | Bought a potion of heal wounds for 60 gold pieces
 19837 | Orc:2    | Found Nycwe's Armour Shoppe.
 20063 | Orc:2    | Found Pouxuri's Assorted Antiques.
 20180 | Orc:2    | Noticed an orc warlord
 20373 | Orc:2    | Killed an orc warlord
 20761 | Orc:2    | Found Umobbuw's Book Emporium.
 22618 | Lair:4   | Found a viscous altar of Jiyva.
 22619 | Lair:4   | Found a staircase to the Slime Pits.
 22695 | Lair:4   | Reached XP level 15. HP: 114/114 MP: 22/22
 22717 | Lair:4   | Found a bloodstained altar of Trog.
 22717 | Lair:4   | Noticed Hohuss's ghost (journeyman MiCA)
 22910 | Lair:4   | Found a transporter.
 22952 | Lair:4   | Identified the +0 long sword "Exuzub" {flame, rF+ Int-5
                  | Stlth+}
 23298 | Lair:4   | Found a transporter.
 23653 | D:10     | Killed pokeman's ghost
 23744 | D:13     | Found Dureatax's Magic Scroll Boutique.
 23766 | D:13     | Bought a scroll of fear for 48 gold pieces
 23766 | D:13     | Bought a scroll of fear for 48 gold pieces
 23766 | D:13     | Bought a scroll of fear for 48 gold pieces
 23766 | D:13     | Bought a scroll of teleportation for 36 gold pieces
 24652 | Snake:1  | Entered Level 1 of the Snake Pit
 24834 | Snake:1  | HP: 3/114 [constriction (5)]
 24835 | Snake:1  | Constricted to death by a naga warrior

Illustrated notes

Levels and vault maps discovered:
D:1:      dpeg_arrival_stone_temple_mockup, layout_loops_corners, serial_shops,
          shop, minmay_split_cup_large
D:2:      layout_basic, chequers_ecumenical_altar_grove, chequers_jeans
D:3:      cheibrodos_thug_alley, layout_rooms, grunt_temple_overflow_opulence,
          grunt_temple_overflow_open, biasface_ghost_orc_armoury, uniq_sigmund
D:4:      minmay_razor_zed, layout_gridville, cheibriados_altar_1,
          ebering_ghost_sewer_f, serial_bayou, serial_bayou_pond_d,
          serial_bayou_shore_b, serial_bayou_pond_a, serial_bayou_shore_b,
          uniq_blork_the_orc
D:5:      layout_rooms, lemuel_doored_altar, lemuel_zombie_altar_yredelemnul,
          minmay_temple_entry_overgrown, nicolae_underground_beach
D:6:      layout_basic
D:7:      minmay_clustersquares, layout_loops_cross,
          mainiacjoe_overflow_catwalk, kennysheep_windowed_goal
D:8:      layout_loops_ring, general_overflow_altar, serial_shops,
          nicolae_diamond_shop
D:9:      layout_cave_pools, lair_entry_dummy, serial_gnoll_camp,
          gnoll_camp_mini_shop, gnoll_camp_medium_02, gnoll_camp_mini_hut,
          gnoll_camp_mini_hut
D:10:     layout_irregular_city, hellmonk_ghost_big_iron,
          minmay_gold_behind_fungi, uniq_fannar, uniq_gastronok
D:11:     layout_loops_ring, uniq_grum
D:12:     layout_grid_maze, orc_0_dummy
D:13:     layout_cave_pools, serial_shops, shop_coins, grunt_tough_drop
Lair:1:   minmay_guarded_unrand_snakebite, layout_cave_pods,
          beast_lair_carwin_10, grunt_megastairs_1
Lair:2:   layout_layer_cave, mainiacjoe_swamp_entry_angry_trees,
          dummy_snake_entry, uniq_nergalle
Lair:3:   layout_gridlike, st_stairs_8
Lair:4:   dreamdust_cave_troll, layout_gridlike, slime_entry_1,
          gammafunk_ghost_wrathful_warriors, small_statue_intersection,
          bh_autumn_forest_stairs, st_stairs_5
Snake:1:  layout_grid_maze, portal_ice_cave_entry_ugly_swarm
Orc:1:    layout_caves, nicolae_volcano_entry_s_turn,
          nicolae_orc_takin'_care_of_business
Orc:2:    pubby_orc_utopia

Skill      XL: |  1  2  3  4  5  6  7  8  9 10 11 12 13 14 15 |
---------------+----------------------------------------------+-----
Fighting       | 2 3 4 5 7 9 10 12 13 14 | 14.9
Stealth        | 2 3 4 5 6 7 8 9 10 11 12 | 12.0
Dodging        | 3 4 5 6 7 8 9 10 11 | 11.8
Unarmed Combat | 4 5 6 7 8 9 10 11 12 | 12.0
Shapeshifting  | 4 5 7 8 10 11 12 14 | 14.2
Evocations     | 2 3 4 5 6 7 |  7.8
Translocations | 1 3 |  3.8
Earth Magic    | 1 2 3 |  3.7
Spellcasting   | 1 2 3 4 5 |  5.5
Air Magic      | 2 3 |  3.8

Action                     |  1- 3 |  4- 6 |  7- 9 | 10-12 | 13-15 || total
---------------------------+-------+-------+-------+-------+-------++-------
  Melee: Unarmed           |    68 |    36 |   203 |   514 |   668 ||  1489
         Constrict         |    19 |     8 |    44 |    88 |   107 ||   266
         Tentacles         |    10 |    10 |    59 |   153 |   162 ||   394
         Punch             |     2 |     2 |    12 |    14 |    55 ||    85
  Throw: Dart              |       |    11 |    18 |       |       ||    29
   Cast: Lesser Beckoning  |       |       |       |       |    12 ||    12
         Passwall          |       |       |       |       |     2 ||     2
 Invoke: Call Merchant     |       |       |       |       |     4 ||     4
  Evoke: Wand              |       |       |       |     2 |     9 ||    11
    Use: Scroll            |    10 |       |     8 |    12 |     4 ||    34
         Potion            |     1 |       |       |     1 |     8 ||    10
   Stab: Sleeping          |     8 |     2 |     8 |    14 |    40 ||    72
         Invisible         |     2 |       |       |       |     9 ||    11
         Distracted        |       |       |       |     6 |     7 ||    13
 Armour: Skin              |    23 |    14 |    86 |   153 |   263 ||   539
  Dodge: Dodged            |    38 |    17 |   129 |   317 |   316 ||   817
  Block: Other             |       |       |       |    71 |    80 ||   151
         Reflection        |       |       |       |     5 |     5 ||    10
   Form: Flux              |       |       |       |     1 |       ||     1
         Blade             |       |       |       |     1 |       ||     1

Table legend: (Time is in decaauts)
 A = Elapsed time spent in this place.
 B = Non-inter-level travel time spent in this place.
 C = Inter-level travel time spent in this place.
 D = Time resting spent in this place.
 E = Time spent auto-exploring this place.
 F = Levels seen in this place.
 G = Mean time per level.
                   A        B        C        D        E       F      G
               +--------+--------+--------+--------+--------+-----+--------+
         Total |  24600 |  22599 |   2001 |   4432 |   9101 |  21 | 1171.4 |
       Dungeon |  13689 |  12263 |   1426 |   1803 |   6256 |  13 | 1053.0 |
          Lair |   6291 |   5826 |    465 |   1026 |   2230 |   4 | 1572.8 |
     Snake Pit |    178 |    178 |      0 |    118 |      0 |   1 |  178.0 |
  Orcish Mines |   4034 |   3924 |    110 |   1319 |    615 |   2 | 2017.0 |
       Volcano |    405 |    405 |      0 |    166 |      0 |   1 |  405.0 |
               +--------+--------+--------+--------+--------+-----+--------+

Top non-repeatable levels by time:
   Orc:2: 3084 daAuts
  Lair:2: 2287 daAuts
  Lair:1: 1671 daAuts
     D:4: 1542 daAuts
    D:10: 1402 daAuts
    D:12: 1373 daAuts
  Lair:4: 1268 daAuts
     D:9: 1232 daAuts
     D:6: 1157 daAuts
  Lair:3: 1064 daAuts
     D:1: 1058 daAuts
     D:2: 1040 daAuts
     D:3: 986 daAuts
   Orc:1: 949 daAuts
     D:5: 852 daAuts
